 Dungeon Crawl Stone Soup version 0.31-a0-217-g58bb5d79cf (webtiles) character file.

Game seed: 10409656905527486084

233 qw the Shooter (level 5, -6/45 HPs)
             Began as a Minotaur Hexslinger on July 2, 2023.
             Mangled by a gnoll
             ... wielding a +2 flail of protection
              (7 damage)
             ... on level 3 of the Dungeon.
             The game lasted 00:00:55 (2256 turns).

qw the Shooter (Minotaur Hexslinger)                Turns: 2256, Time: 00:00:55

Health: -6/45      AC:  6    Str: 12    XL:     5   Next: 74%
Magic:  5/5        EV: 11    Int: 10    God:
Gold:   140        SH:  0    Dex: 15    Spells: 5/6 levels left

rFire   . . .        Y - +2 sling
rCold   . . .        (no shield)
rNeg    . . .        f - +0 ring mail
rPois   .            (helmet restricted)
rElec   .            (no cloak)
rCorr   .            (no gloves)
SInv    .            d - +0 pair of boots
Will    .....        (no amulet)
Stlth   +            (no ring)
HPRegen 0.27/turn    (no ring)
MPRegen 0.09/turn

%: no passive effects
@: no status effects
A: horns 2, retaliatory headbutt
a: no special abilities


You were on level 3 of the Dungeon.
You visited 1 branch of the dungeon, and saw 3 of its levels.

You collected 196 gold pieces.
You spent 56 gold pieces at shops.


Innate Abilities, Weirdness & Mutations

You have a pair of horns on your head.
You reflexively headbutt those who attack you in melee.


   Skills:
 - Level 3.0 Fighting
 + Level 5.1 Ranged Weapons
 - Level 3.4 Armour
 - Level 2.1 Dodging
 - Level 1.0 Spellcasting
 - Level 2.0 Hexes


You had 5 spell levels left.
You knew the following spells:

 Your Spells              Type           Power      Damage    Failure   Level
a - Slow                  Hex            16%        N/A       32%         1

Your spell library contained the following spells:

 Spells                   Type           Power      Damage    Failure   Level
 Inner Flame              Hex/Fire       2%         N/A       82%         3
 Portal Projectile        Hex/Tloc       4%         N/A       82%         3
 Cause Fear               Hex            2%         N/A       97%         4

Inventory:

Hand Weapons
 Y - a +2 sling (weapon)
Armour
 d - a +0 pair of boots (worn)
 f - a +0 ring mail (worn)
Potions
 e - a potion of brilliance {unknown}
 g - a potion of resistance {unknown}
 h - 2 potions of curing

Dungeon Overview and Level Annotations

Branches:
Dungeon (3/15)

Altars:

Shops:
D:1 (   D:2 *[


Message History

A gnoll comes into view. It is wielding a +0 halberd.
You shoot a sling bullet.
The sling bullet closely misses the gnoll.
You shoot a sling bullet.
The sling bullet hits the gnoll but does no damage.
The gnoll is moderately wounded.
You shoot a sling bullet. The sling bullet hits the gnoll.
The gnoll is heavily wounded.
You shoot a sling bullet.
The sling bullet hits the gnoll but does no damage.
The gnoll is heavily wounded.
The gnoll hits you with a +0 flail.
You shoot a sling bullet.
The sling bullet closely misses the gnoll.
The gnoll hits you with a +2 flail of protection.
The gnoll barely misses you. You furiously retaliate!
You headbutt the gnoll!
You kill the gnoll!
You shoot a sling bullet. The sling bullet hits the gnoll.
The gnoll is lightly wounded.
The gnoll barely misses you. x2
The gnoll hits you from afar with a +0 halberd!
The gnoll hits you with a +2 flail of protection.
You shoot a sling bullet.
The sling bullet closely misses the gnoll.
The gnoll hits you with a +2 flail of protection!
The gnoll barely misses you.
You shoot a sling bullet.
The sling bullet hits the gnoll but does no damage.
The gnoll is lightly wounded.
The gnoll closely misses you. The gnoll barely misses you.
You shoot a sling bullet.
The sling bullet barely misses the gnoll.
The gnoll hits you with a +2 flail of protection.
The gnoll hits you from afar with a +0 halberd!
The gnoll barely misses you. The gnoll closely misses you.
You shoot a sling bullet.
The sling bullet hits the gnoll but does no damage.
The gnoll is lightly wounded.
The gnoll hits you with a +2 flail of protection!
You die...

.# #.#...#.#
.#
#.#...#.#.#
.#
#.....#.#.#
##
#####..##.#.#
.......%..#.#
####....##.#
#....#.# g#
#.##.#.##g##
# #.....@).#
##.#.#####
.....#
###.### #. #


You could see 2 gnolls.

Vanquished Creatures
  A centaur (D:3)
  An orc priest (D:3)
  4 adders
  A gnoll (D:3)
  A worm (D:2)
  A dart slug (D:1)
  3 orcs
  9 endoplasms
  3 giant cockroaches
  7 goblins
  7 hobgoblins
  3 jackals (D:2)
  3 quokkas
  7 ball pythons
  4 bats
  3 frilled lizards
  4 kobolds
  5 rats
67 creatures vanquished.

Notes
Turn   | Place    | Note
-------+----------+-------------------------------------------
     0 | D:1      | qw the Minotaur Hexslinger began the quest for the Orb.
     0 | D:1      | Reached XP level 1. HP: 16/16 MP: 1/1
     0 | D:1      | 0 ||| qw: Version: 0.3-a-40-ge99b1a8
     0 | D:1      | 0 ||| qw: Game counter: 206
     0 | D:1      | 0 ||| qw: Melee chars always use a shield: true
     0 | D:1      | 0 ||| qw: God list: Okawaru
     0 | D:1      | 0 ||| qw: Allow faded altars: false
     0 | D:1      | 0 ||| qw: Do Orc after clearing Dungeon:15 true
     0 | D:1      | 0 ||| qw: Do second Lair branch before Depths: true
     0 | D:1      | 0 ||| qw: Lair rune preference: random
     0 | D:1      | 0 ||| qw: Goals: Normal
     0 | D:1      | 0 ||| PLANNING D:1-11
    44 | D:1      | Found Kikon's Antique Weapon Boutique.
    70 | D:1      | 70 ||| DROPPING scroll of poison.
   106 | D:1      | Reached skill level 3 in Ranged Weapons
   106 | D:1      | Reached XP level 2. HP: 23/23 MP: 2/2
   376 | D:1      | Reached XP level 3. HP: 29/29 MP: 3/3
   531 | D:1      | 531 ||| READING scroll labelled HUXIED BENI.
   536 | D:1      | 536 ||| READING scroll labelled INUNEO VISO.
   537 | D:1      | 537 ||| READING scroll labelled COZYMPO NUATETZ.
   538 | D:1      | 538 ||| READING scroll labelled QAKENU VOONN.
   539 | D:1      | 539 ||| DRINKING 2 murky puce potions.
   706 | D:2      | Reached skill level 4 in Ranged Weapons
   730 | D:2      | Found Cuotiuha's General Store.
   738 | D:2      | 738 ||| SHOPLISTING potion of mutation (112 gold, have 78).
   876 | D:2      | Found Amipha's Armour Emporium.
   885 | D:2      | 885 ||| BUYING +0 ring mail (56 gold).
   885 | D:2      | Bought a +0 ring mail for 56 gold pieces
  1071 | D:2      | Reached XP level 4. HP: 24/36 MP: 4/4
  1631 | D:2      | 1631 ||| UPGRADING to +0 leather armour.
  1641 | D:2      | 1641 ||| DROPPING +0 robe.
  1642 | D:2      | 1642 ||| UPGRADING to +0 pair of boots.
  1647 | D:2      | 1647 ||| UPGRADING to +0 ring mail.
  1657 | D:2      | 1657 ||| DROPPING +0 leather armour.
  1783 | D:3      | Noticed a centaur
  1785 | D:3      | 1785 ||| Stepping ~*~*~tactically~*~*~ (outnumbered).
  1787 | D:3      | 1787 ||| Stepping ~*~*~tactically~*~*~ (outnumbered).
  1794 | D:3      | HP: 8/36 [poisoned by a centaur]
  1794 | D:3      | HP: 1/36 [centaur/staff of poison (4)]
  1795 | D:3      | 1795 ||| READING scroll of teleportation.
  1796 | D:3      | Killed a centaur
  1797 | D:3      | Reached skill level 3 in Armour
  1797 | D:3      | Reached XP level 5. HP: 2/41 MP: 5/5
  2055 | D:3      | Reached skill level 5 in Ranged Weapons
  2080 | D:3      | 2080 ||| FLEEEEING.
  2081 | D:3      | 2081 ||| FLEEEEING.
  2082 | D:3      | 2082 ||| FLEEEEING.
  2083 | D:3      | 2083 ||| FLEEEEING.
  2084 | D:3      | 2084 ||| FLEEEEING.
  2085 | D:3      | 2085 ||| FLEEEEING.
  2086 | D:3      | 2086 ||| FLEEEEING.
  2087 | D:3      | 2087 ||| FLEEEEING.
  2088 | D:3      | 2088 ||| FLEEEEING.
  2089 | D:3      | 2089 ||| FLEEEEING.
  2090 | D:3      | 2090 ||| FLEEEEING.
  2091 | D:3      | 2091 ||| FLEEEEING.
  2092 | D:3      | 2092 ||| FLEEEEING.
  2093 | D:3      | 2093 ||| FLEEEEING.
  2094 | D:3      | 2094 ||| STAIRDANCE
  2154 | D:2      | 2154 ||| READING scroll labelled XEAJOUN SEODDA.
  2155 | D:2      | 2155 ||| READING scroll labelled GOPUKU YRGHOCRE.
  2156 | D:2      | 2156 ||| READING scroll labelled CETEN XAUFETRU.
  2162 | D:3      | 2162 ||| STAIRDANCE
  2203 | D:3      | Reached skill level 3 in Fighting
  2255 | D:3      | HP: 1/45 [gnoll/+0 halberd (15)]
  2256 | D:3      | Mangled by a gnoll

Levels and vault maps discovered:
D:1:      nicolae_arrival_memento_mori, layout_basic, serial_shops,
          nicolae_shop_crystal
D:2:      layout_basic, serial_shops, shop, nicolae_square_shop
D:3:      layout_basic, mainiacjoe_overflow_alcove_4, uniq_grinder, uniq_robin

Skill      XL: |  1  2  3  4  5 |
---------------+----------------+-----
Ranged Weapons | 3 4 5 |  5.1
Fighting       | 2 3 |  3.0
Armour         | 3 |  3.4
Dodging        | |  2.1
Spellcasting   | |  1.0
Hexes          | |  2.0

Action                     |  1- 3 |  4- 6 || total
---------------------------+-------+-------++-------
   Fire: Sling             |   151 |    68 ||   219
    Use: Scroll            |     4 |     4 ||     8
         Potion            |     1 |       ||     1
 Armour: Robe              |    13 |       ||    13
         Ring mail         |       |    12 ||    12
  Dodge: Dodged            |    35 |    32 ||    67

Table legend:
 A = Non-vault XP
 B = Vault XP
 C = Vault XP percentage of total XP
 D = Non-vault monster count
 E = Vault monster count
 F = Vault count percentage of total count
                 A         B        C        D         E       F
            +---------+---------+-------+---------+---------+-------
      Total |     333 |       0 |   0.0 |      67 |       0 |   0.0
            +---------+---------+-------+---------+---------+-------
        D:1 |      50 |       0 |   0.0 |      30 |       0 |   0.0
        D:2 |      76 |       0 |   0.0 |      21 |       0 |   0.0
        D:3 |     207 |       0 |   0.0 |      16 |       0 |   0.0
            +---------+---------+-------+---------+---------+-------
